 Dungeon Crawl Stone Soup version 0.22-a0-480-g991dd4b (webtiles) character file.

749 KristoblXynda the Conjurer (level 7, -1/50 HPs)
             Began as a Yellow Draconian Conjurer on June 15, 2018.
             Killed by divine providence
             ... invoked by an orc priest
              (13 damage)
             ... on level 5 of the Dungeon.
             The game lasted 00:09:52 (4369 turns).

KristoblXynda the Conjurer (DrCj)                   Turns: 4369, Time: 00:09:53

Health: -1/50      AC:  8    Str: 11    XL:     7   Next: 48%
Magic:  15/15      EV: 12    Int: 17    God:
Gold:   217        SH:  0    Dex: 11    Spells: 8/16 levels left

rFire    . . .     SeeInvis +   y - +9 falchion of Recklessness {slice, SInv}
rCold    + . .     Gourm    .   (no shield)
rNeg     . . .     Faith    .   (armour unavailable)
rPois    +         Spirit   .   (helmet restricted)
rElec    .         Reflect  .   s - +1 cloak {rPois}
rCorr    +         Harm     .   (no gloves)
MR       .....                  (no boots)
Stlth    ++........             (no amulet)
HPRegen  0.16/turn              i - ring of protection from cold
MPRegen  0.14/turn              p - ring of resist corrosion

@: no status effects
A: spit acid, acid resistance, unfitting armour, cold-blooded, AC +6
a: Breathe Acid


You were on level 5 of the Dungeon.
You were not hungry.

You visited 1 branch of the dungeon, and saw 5 of its levels.

You collected 217 gold pieces.

Inventory:

Hand Weapons
 y - the +9 falchion of Recklessness (weapon) {slice, SInv}
   (You found it on level 4 of the Dungeon)

   It inflicts extra damage upon your enemies.
   It lets you see invisible.
Armour
 s - a +1 cloak of poison resistance (worn)
Jewellery
 i - a ring of protection from cold (left hand)
 j - an uncursed ring of protection from fire
 p - a ring of resist corrosion (right hand)
Wands
 z - a wand of disintegration (11)
Scrolls
 c - 3 scrolls of enchant armour {unknown}
 e - a scroll of enchant weapon {unknown}
 g - 3 scrolls of amnesia {unknown}
 k - 2 scrolls of remove curse {unknown}
 l - 2 scrolls of noise {unknown}
 n - a scroll of blinking {unknown}
 q - 4 scrolls of teleportation {unknown}
 r - a scroll of random uselessness {unknown}
 u - a scroll of fog {unknown}
Potions
 a - 2 potions of ambrosia
 d - a potion of lignification {unknown}
 f - 2 potions of curing
 m - 2 potions of heal wounds
 o - 2 potions of degeneration {unknown}
 t - a potion of might
 v - 2 potions of brilliance {unknown}
 w - a potion of haste {unknown}
 x - a potion of berserk rage {unknown}
Comestibles
 b - 5 rations


   Skills:
 + Level 2.3 Long Blades
 - Level 1.7 Dodging
 - Level 1.7 Stealth
 * Level 5.4 Spellcasting
 * Level 6.9 Conjurations


You had 8 spell levels left.
You knew the following spells:

 Your Spells              Type           Power        Failure   Level  Hunger
a - Magic Dart            Conj           ####         1%          1    None
b - Dazzling Spray        Conj/Hex       ###...       10%         3    ##.....
c - Iskenderun's Mystic   Conj           ####....     8%          4    ####...

Your spell library contained the following spells:

 Spells                   Type           Power        Failure   Level  Hunger
 Fulminant Prism          Conj/Hex       ###.......   32%         4    ####...
 Force Lance              Conj/Tloc      ###.....     32%         4    ####...
 Searing Ray              Conj           ####..       1%          2    #......


Dungeon Overview and Level Annotations

Branches:
Dungeon (5/15)
 Temple: D:4-7

Altars:


Innate Abilities, Weirdness & Mutations

You can spit globs of acid.
You are resistant to acid.
Your golden yellow scales are hard. (AC +6)
You cannot fit into any form of body armour.
You are cold-blooded and may be slowed by cold attacks.


Message History

Beogh smites you! The orc hits you but does no damage.
You hit the orc.
You kill the orc!
The orc barely misses you.
You slash the orc!
You kill the orc!
You slash the hound zombie!
The hound zombie is heavily damaged.
The orc priest mumbles some strange prayers to Beogh against you.
Beogh smites you! The hound zombie closely misses you.
You closely miss the hound zombie.
The hound zombie is heavily damaged.
The hound zombie bites you but does no damage. x2
The orc priest calls down the wrath of Beogh upon you.
Beogh smites you!
* * * LOW HITPOINT WARNING * * *
All of the chunks of flesh in your inventory have rotted away.
The orc priest invokes the aid of Beogh against you.
Beogh smites you!
You die...

#...# ...# #... #...
###...###...###...##...
#............#.........
#...o........#.........
#.......?....#....##...
#...o........#....##...
#[###### #....##...
##Z##...###....##(..
#..@............).).
#.....)........##)..
#..............##...
#..............#....
######....##.....##...
##.##########.....##...
#.....#...........##...
#.....+...........##...
#.....#...........#....


You could see an orc priest, an orc and a hound zombie.

Vanquished Creatures
  An ice beast (D:5)
  A phantom (D:5)
  A centaur (D:5)
  A scorpion (D:3)
  A howler monkey (D:5)
  A hound (D:5)
  3 orc priests
  2 orc wizards
  Crazy Yiuf (D:2)
  A worker ant (D:5)
  7 adders
  2 oozes
  An adder skeleton (D:5)
  A worm (D:2)
  3 dart slugs
  5 leopard geckos
  20 orcs
  3 giant cockroaches
  6 goblins
  5 hobgoblins
  10 jackals
  3 kobolds
  2 quokkas
  A ball python (D:1)
  9 bats
  7 frilled lizards
  A quokka skeleton (D:4)
  3 rats
102 creatures vanquished.

Notes
Turn   | Place    | Note
-------+----------+-------------------------------------------
     0 | D:1      | KristoblXynda the Draconian Conjurer began the quest for the Orb.
     0 | D:1      | Reached XP level 1. HP: 14/14 MP: 3/3
   217 | D:1      | Reached XP level 2. HP: 20/20 MP: 0/5
   877 | D:2      | Reached XP level 3. HP: 18/26 MP: 2/7
  1825 | D:2      | Reached XP level 4. HP: 33/33 MP: 6/8
  1886 | D:2      | Found a runed door.
  1898 | D:2      | Learned a level 3 spell: Dazzling Spray
  1902 | D:2      | Noticed Crazy Yiuf
  1910 | D:2      | Killed Crazy Yiuf
  1910 | D:2      | Reached skill level 5 in Conjurations
  2359 | D:3      | You fall through a shaft!
  2788 | D:3      | Reached XP level 5. HP: 35/38 MP: 10/10
  3448 | D:4      | Got a scorched falchion
  3449 | D:4      | Identified the +9 falchion of Recklessness {slice, SInv} (You found it on level 4 of the Dungeon)
  3533 | D:4      | Reached XP level 6. HP: 43/45 MP: 2/12
  3613 | D:4      | Learned a level 4 spell: Iskenderun's Mystic Blast
  3868 | D:4      | Reached skill level 6 in Conjurations
  3996 | D:5      | Entered Level 5 of the Dungeon
  4012 | D:5      | Reached skill level 1 in Long Blades
  4058 | D:5      | Noticed an ice beast
  4074 | D:5      | Killed an ice beast
  4074 | D:5      | Reached skill level 5 in Spellcasting
  4074 | D:5      | Your scales start taking on a golden yellow colour.
  4074 | D:5      | Reached XP level 7. HP: 35/50 MP: 4/14
  4369 | D:5      | Killed from afar by an orc priest

Vault maps used:
D:1:      shiori_arrival_maze
D:2:      first_ration, uniq_crazy_yiuf_cottage
D:5:      cheibrodos_iron_armory, serial_shops, kennysheep_mini_moat

Skill      XL: |  1  2  3  4  5  6  7 |
---------------+----------------------+-----
Spellcasting   | 3 4 5 |  5.4
Conjurations   | 5 6 |  6.9
Long Blades    | 1 2 |  2.3
Dodging        | |  1.7
Stealth        | |  1.7

Action                   |  1- 3 |  4- 6 |  7- 9 || total
-------------------------+-------+-------+-------++-------
Melee: Unarmed           |    47 |     2 |       ||    49
       Tailslap          |     4 |     5 |     2 ||    11
       Quarterstaff      |       |    41 |       ||    41
       Falchion          |       |    45 |    19 ||    64
 Cast: Magic Dart        |    58 |    78 |    13 ||   149
       Dazzling Spray    |       |     2 |       ||     2
  Use: Scroll            |       |     4 |       ||     4
 Stab: Sleeping          |     2 |       |       ||     2
       Invisible         |       |     1 |       ||     1
       Paralysed         |       |     1 |       ||     1
  Eat: Chunk             |     3 |     8 |     1 ||    12
Armor: Skin              |    15 |    31 |    10 ||    56
Dodge: Dodged            |    30 |    71 |    13 ||   114
       Rpst.: Falchion   |       |     5 |     5 ||    10

Table legend:
 A = Spawn XP
 B = Non-spawn XP
 C = Spawn XP percentage of total XP
 D = Spawn monster count
 E = Non-spawn monster count
 F = Spawn count percentage of total count
 G = Total turns spent on level
                    A         B        C        D         E        F      G
               +---------+---------+-------+---------+---------+-------+---------
         Total |       0 |    1070 |   0.0 |       0 |     102 |   0.0 |  4369
               +---------+---------+-------+---------+---------+-------+---------
           D:1 |       0 |      38 |   0.0 |       0 |      18 |   0.0 |   857
           D:2 |       0 |     135 |   0.0 |       0 |      21 |   0.0 |  1351
           D:3 |       0 |     154 |   0.0 |       0 |      29 |   0.0 |  1112
           D:4 |       0 |     150 |   0.0 |       0 |      14 |   0.0 |   676
           D:5 |       0 |     593 |   0.0 |       0 |      20 |   0.0 |   373
               +---------+---------+-------+---------+---------+-------+---------
